 Dungeon Crawl Stone Soup version 0.31.0-1-g2c135a008e (webtiles) character file.

Game seed: 14901616789869302519

79 qw the Shooter (level 4, 0/35 HPs)
             Began as a Djinni Hunter on Jan 23, 2024.
             Slain by an orc
             ... wielding a +0 hand axe
              (2 damage)
             ... on level 3 of the Dungeon.
             The game lasted 00:00:06 (1425 turns).

qw the Shooter (Djinni Hunter)                      Turns: 1425, Time: 00:00:07

Health: 0/35       AC:  5    Str:  8 (10) XL:     4   Next: 62%
Gold:   159        EV: 11    Int:  8 (10) God:
                   SH:  0    Dex: 24 (25)

rFire   + + +        a - +0 shortbow
rCold   x . .        (shield currently unavailable)
rNeg    . . .        d - +0 ring mail
rPois   inf          (no helmet)
rElec   .            (no cloak)
rCorr   .            (no gloves)
SInv    .            (boots unavailable)
Will    .....        c - amulet of Limitation {Faith Stlth+}
Stlth   ++           b - +6 ring of dexterity
HPRegen 0.25/turn    m - ring of protection from fire
MPRegen 0.00/turn

%: faith, infuse magic (-1 HP)
@: about to teleport, flying
A: sickness immunity, fire resistance 2, cold vulnerability 1, float, innate
caster, HP casting, extra vitality 1
a: no special abilities


You were on level 3 of the Dungeon.
You visited 1 branch of the dungeon, and saw 3 of its levels.

You collected 159 gold pieces.


Innate Abilities, Weirdness & Mutations

You are immune to sickness and miasma.
You are immune to poison.
Your flesh is very heat resistant. (rF++)
You are vulnerable to cold. (rC-)
You float through the air rather than walking.
You learn spells naturally, not from books.
Your magical power is your life essence.
You have superior vitality. (+4 MHP)


   Skills:
 - Level 3.0 Fighting
 - Level 4.1 Ranged Weapons
 - Level 1.0 Armour
 + Level 2.3 Dodging
 - Level 0.7 Stealth


You knew the following spells:

 Your Spells              Type           Power      Damage    Failure   Level
a - Kiss of Death         Conj/Necr      0%         2d5       80%         1
Your spell library was empty.

Inventory:

Hand Weapons
 a - a +0 shortbow (weapon)
Armour
 d - a +0 ring mail (worn)
Jewellery
 b - a +6 ring of dexterity (left hand)
 c - the amulet of Limitation (around neck) {Faith Stlth+}
   (You acquired it on level 2 of the Dungeon)

   [amulet of faith]

   Faith:     It allows you to gain divine favour quickly.
   Stlth+:    It makes you more stealthy.
 m - a ring of protection from fire (right hand)
Potions
 e - 2 potions of might
 f - a potion of curing
 g - a potion of invisibility {unknown}
 h - a potion of heal wounds {unknown}
 i - a potion of resistance {unknown}

Dungeon Overview and Level Annotations

Branches:
Dungeon (3/15)

Altars:
Hepliaklqana


Message History

The arrow hits the frilled lizard!
You kill the frilled lizard!
The ball python barely misses you. x2; The kobold barely misses you.
The frilled lizard bites you but does no damage.
The goblin barely misses you.
You shoot an arrow.
The arrow closely misses the ball python.
The ball python bites you but does no damage.
The ball python barely misses you. The kobold closely misses you.
The goblin closely misses you. The frilled lizard bites you.
The ball python completely misses you. The ball python grabs you.
The ball python constricts you.
You shoot an arrow. The arrow hits the ball python.
The ball python is severely wounded.
An orc comes into view. It is wielding a +0 whip.
The kobold hits you but does no damage. The goblin hits you with a +0 dagger.
The frilled lizard completely misses you.
The ball python barely misses you. The ball python constricts you.
The goblin hits you but does no damage. The kobold hits you with a +0 whip.
The frilled lizard bites you.
You shoot an arrow.
The arrow barely misses the ball python.
The orc shouts!
The ball python bites you. The ball python constricts you.
The frilled lizard barely misses you. The goblin hits you with a +0 dagger.
The kobold hits you with a +0 whip. The ball python closely misses you.
The ball python constricts you.
1424 ||| READING scroll of teleportation.
As you read the scroll of teleportation, it crumbles to dust.
You feel strangely unstable. The kobold hits you with a +0 whip.
The goblin closely misses you.
The frilled lizard bites you but does no damage.
The ball python completely misses you. The ball python constricts you.
A goblin comes into view. It is wielding a +0 club.
You shoot an arrow. The arrow hits the ball python.
You kill the ball python!
The kobold hits you with a +0 whip. The goblin hits you but does no damage.
The frilled lizard bites you but does no damage.
The orc hits you with a +0 hand axe.
You die...

#.#.# #.#.#
#.#.# #.#.#
#.#.# #.#.##
#.#.# .....
#.#.###.#(#####
#......o......
###.###.....
#.###.#o##.#..
#.#...@l.o..g.
#...##Kg)###..
#..###l#.# #..#
#...# #%..
.###. #...#. .#
##.... . #.###
#. #.#


You could see 3 orcs, 2 goblins, a kobold and 2 frilled lizards.

Vanquished Creatures
  A gnoll (D:1)
  An adder (D:3)
  2 ribbon worms
  3 endoplasms (D:1)
  2 giant cockroaches (D:2)
  7 goblins
  5 hobgoblins
  2 jackals (D:2)
  2 quokkas
  8 ball pythons
  5 bats
  9 frilled lizards
  A kobold (D:2)
  9 rats
57 creatures vanquished.

Notes
Turn   | Place    | Note
-------+----------+-------------------------------------------
     0 | D:1      | qw the Djinni Hunter began the quest for the Orb.
     0 | D:1      | Reached XP level 1. HP: 18/18 MP: 0/0
     0 | D:1      | 0 ||| qw: Version: 0.3-a-136-gdd3b4e8
     0 | D:1      | 0 ||| qw: Game counter: 1193
     0 | D:1      | 0 ||| qw: Melee chars always use a shield: true
     0 | D:1      | 0 ||| qw: God list: Okawaru
     0 | D:1      | 0 ||| qw: Allow faded altars: false
     0 | D:1      | 0 ||| qw: Do Orc after clearing Dungeon:15 true
     0 | D:1      | 0 ||| qw: Do second Lair branch before Depths: true
     0 | D:1      | 0 ||| qw: Lair rune preference: random
     0 | D:1      | 0 ||| qw: Goals: Normal
     0 | D:1      | 0 ||| PLANNING D:1-11
   127 | D:1      | Reached XP level 2. HP: 23/23 MP: 0/0
   315 | D:1      | Reached skill level 4 in Ranged Weapons
   315 | D:1      | Reached XP level 3. HP: 24/28 MP: 0/0
   315 | D:1      | Learned a level 1 spell: Kiss of Death
   639 | D:1      | 639 ||| UPGRADING to +0 ring mail.
   649 | D:1      | 649 ||| DROPPING +0 leather armour.
   650 | D:1      | 650 ||| READING scroll labelled GOZANA HUSMOO.
   651 | D:1      | 651 ||| READING scroll labelled QUFRUO KIDO.
   655 | D:1      | 655 ||| READING scroll labelled XAVUC NIDU.
   656 | D:1      | 656 ||| READING scroll labelled RUSMETZOOX.
   657 | D:1      | 657 ||| DRINKING 2 sapphire potions.
   658 | D:1      | 658 ||| DROPPING scroll of butterflies.
   733 | D:2      | Found a hazy altar of Hepliaklqana.
   902 | D:2      | Reached skill level 1 in Armour
   902 | D:2      | Reached XP level 4. HP: 33/33 MP: 0/0
  1214 | D:2      | 1214 ||| UPGRADING to +6 ring of dexterity.
  1215 | D:2      | 1215 ||| DROPPING ring of fire.
  1216 | D:2      | 1216 ||| UPGRADING to ring of protection from fire.
  1217 | D:2      | 1217 ||| READING scroll labelled FYAPUE BIDD.
  1217 | D:2      | 1217 ||| IDENTIFYING emerald potion
  1218 | D:2      | 1218 ||| READING scroll labelled YHISUA BIXAIM.
  1219 | D:2      | 1219 ||| READING scroll labelled IXEREV XAMU.
  1219 | D:2      | Identified a scroll of acquirement
  1219 | D:2      | 1219 ||| ACQUIRING amulet of Limitation {Faith Stlth+}
  1219 | D:2      | Acquired the amulet of Limitation {Faith Stlth+}
  1221 | D:2      | 1221 ||| UPGRADING to amulet of Limitation {Faith Stlth+}.
  1226 | D:2      | 1226 ||| DRINKING 2 metallic emerald potions.
  1227 | D:2      | 1227 ||| DROPPING potion of degeneration.
  1303 | D:3      | Reached skill level 3 in Fighting
  1423 | D:3      | HP: 8/35 [kobold/+0 whip (4)]
  1424 | D:3      | 1424 ||| READING scroll of teleportation.
  1425 | D:3      | HP: 2/35 [kobold/+0 whip (5)]
  1425 | D:3      | Slain by an orc

Levels and vault maps discovered:
D:1:      minmay_arrival_widening_spiral_wide, layout_basic
D:2:      minmay_alternating_diamond, layout_rooms, basic_altar,
          minmay_pentomino_pile
D:3:      layout_basic, mainiacjoe_overflow_surrounded_room,
          gammafunk_ghost_grave, minmay_starry_boxes, uniq_crazy_yiuf_cottage

Skill      XL: |  1  2  3  4 |
---------------+-------------+-----
Ranged Weapons | 4 |  4.1
Armour         | 1 |  1.0
Fighting       | 3 |  3.0
Dodging        | |  2.3
Stealth        | |  0.7

Action                     |  1- 3 |  4- 6 || total
---------------------------+-------+-------++-------
   Fire: Shortbow          |   118 |    57 ||   175
    Use: Scroll            |     4 |     4 ||     8
         Potion            |     1 |     1 ||     2
 Armour: Leather armour    |    20 |       ||    20
         Ring mail         |    22 |    30 ||    52
  Dodge: Dodged            |    40 |    27 ||    67

Table legend:
 A = Non-vault XP
 B = Vault XP
 C = Vault XP percentage of total XP
 D = Non-vault monster count
 E = Vault monster count
 F = Vault count percentage of total count
                 A         B        C        D         E       F
            +---------+---------+-------+---------+---------+-------
      Total |     102 |      13 |  11.3 |      49 |       8 |  14.0
            +---------+---------+-------+---------+---------+-------
        D:1 |      53 |       0 |   0.0 |      26 |       0 |   0.0
        D:2 |      22 |       9 |  29.0 |      13 |       6 |  31.6
        D:3 |      27 |       4 |  12.9 |      10 |       2 |  16.7
            +---------+---------+-------+---------+---------+-------
